[Event "HWT 2010"]
[Site "?"]
[Date "2010.01.09"]
[Round "2"]
[White "Arnold, Rene"]
[Black "Gebigke, Lena"]
[Result "1-0"]
[ECO "B42"]
[WhiteElo "1689"]
[BlackElo "1329"]
[PlyCount "85"]
[EventDate "2010.??.??"]
[TimeControl "240+2"]

{159MB, Fritz11.ctg, DIDI} 1. e4 c5 2. Nf3 e6 3. d4 cxd4 4. Nxd4 Nf6 5. Bd3 a6
6. O-O Bc5 7. Be3 e5 8. Ne6 fxe6 9. Bxc5 d6 10. Ba3 Nc6 11. Nd2 b5 12. c3 O-O
13. Bc2 Rf7 14. Qe2 b4 15. Bxb4 Nxb4 16. cxb4 Bd7 17. Rfd1 Bb5 18. Bd3 Bxd3 19.
Qxd3 Ng4 20. Nf3 Qb6 21. Rd2 Rd8 22. h3 Nf6 23. Nxe5 Rff8 24. Nf3 Qxb4 25. Re1
e5 26. Re3 Kh8 27. Ng5 Rd7 28. Qe2 h6 29. Rb3 Qc5 30. Rc2 Qa7 31. Nf3 Qa8 32.
Rb4 Re8 33. Ra4 a5 34. Rcc4 d5 35. Rc5 Nxe4 36. Raxa5 Qb7 37. Rcb5 Qc6 38. Rb3
Rde7 39. Re3 Qc7 40. Rxd5 Qc1+ 41. Rd1 Ng3 42. Rxc1 Nxe2+ 43. Rxe2 1-0

[Event "HWT 2010"]
[Site "?"]
[Date "2010.01.09"]
[Round "2"]
[White "Bandsom, Olaf"]
[Black "Buchallik, Jakob"]
[Result "1-0"]
[ECO "C58"]
[WhiteElo "1657"]
[BlackElo "1072"]
[PlyCount "113"]
[EventDate "2010.??.??"]
[TimeControl "240+2"]

{159MB, Fritz11.ctg, DIDI} 1. e4 e5 2. Nf3 Nc6 3. Bc4 Nf6 4. Ng5 d5 5. exd5 Na5
6. Bb5+ Bd7 7. Qe2 Bd6 8. Bxd7+ Qxd7 9. d4 Qe7 10. O-O O-O 11. Re1 Rfe8 12. Bd2
b6 13. Bxa5 bxa5 14. dxe5 Qxe5 15. Qxe5 Bxe5 16. Nd2 Nxd5 17. Nc4 Bf6 18. Nf3
h6 19. c3 Rxe1+ 20. Rxe1 Rb8 21. g3 Kf8 22. Rd1 Rb5 23. a4 Rc5 24. Nce5 Nb6 25.
Nd3 Rd5 26. Nfe1 Nxa4 27. Ra1 Nb6 28. Nf4 Rb5 29. Nfd3 Nc4 30. Ra2 g6 31. Nc2
Rd5 32. Nce1 Rb5 33. Kf1 Ke7 34. Ke2 Ke6 35. Kd1 Kf5 36. Kc2 Kg4 37. Nf4 g5 38.
h3+ Kf5 39. Nfd3 Kg6 40. b3 Nd6 41. g4 h5 42. c4 Rb7 43. Rxa5 c6 44. Nf3 Ne4
45. Rf5 hxg4 46. hxg4 Nd6 47. Rc5 Rc7 48. Nfe5+ Kg7 49. Rxc6 Rxc6 50. Nxc6 Nc8
51. c5 Kf8 52. f3 Ke8 53. Nde5 Bxe5 54. Nxe5 Ke7 55. Kd3 Ke6 56. Ke4 f6 57. Nc6
1-0

[Event "HWT 2010"]
[Site "?"]
[Date "2010.01.09"]
[Round "2"]
[White "Baumbach, Dieter"]
[Black "Wendt, Rüdiger"]
[Result "0-1"]
[ECO "B50"]
[WhiteElo "1119"]
[BlackElo "1654"]
[PlyCount "76"]
[EventDate "2010.??.??"]
[TimeControl "240+2"]

{159MB, Fritz11.ctg, DIDI} 1. e4 c5 2. Nf3 Nc6 3. Nc3 e6 4. Bc4 Nf6 5. O-O Be7
6. Re1 d6 7. d3 a6 8. a3 O-O 9. Ne2 d5 10. exd5 Nxd5 11. Ng3 b5 12. Ba2 Bb7 13.
Bd2 Qc7 14. Qc1 Rad8 15. c4 Nf6 16. cxb5 axb5 17. Qc2 Nd4 18. Nxd4 Rxd4 19. Be3
Rd7 20. Qb3 Qc6 21. f3 Rfd8 22. Red1 Nd5 23. Bd2 c4 24. dxc4 bxc4 25. Qxc4 Qxc4
26. Bxc4 Nb6 27. Be2 Rxd2 28. Rxd2 Rxd2 29. b4 Bd6 30. Bb5 Be5 31. Rb1 Ra2 32.
Rb3 Bd5 33. Re3 Bd4 34. Nf1 Rxa3 35. Kf2 Bxe3+ 36. Nxe3 Rb3 37. Nc2 Rb2 38. Bd3
Bb3 0-1

[Event "HWT 2010"]
[Site "Berlin"]
[Date "2010.01.09"]
[Round "2"]
[White "Beran, Rolf-Dietrich"]
[Black "Dr. Welz, Peter"]
[Result "1-0"]
[ECO "A21"]
[WhiteElo "1895"]
[BlackElo "2066"]
[PlyCount "81"]
[EventDate "2010.??.??"]
[TimeControl "40/7200:20/3600:1800"]

{462MB} 1. c4 f5 2. g3 Nf6 3. Bg2 g6 4. Nc3 Bg7 5. e3 e5 6. Nge2 O-O 7. O-O d6
8. d3 c6 9. Rb1 g5 10. b3 a5 11. Ba3 Na6 12. d4 e4 13. Qd2 Nb4 14. d5 c5 15.
Bb2 Bd7 16. Ba1 Qe7 17. Nc1 Rae8 18. a3 Na6 19. h3 b6 20. N1e2 Nc7 21. b4 cxb4
22. axb4 Na6 23. bxa5 bxa5 24. Nb5 a4 25. Ned4 Nc5 26. Nc7 Rc8 27. Nce6 Nxe6
28. Nxf5 Qd8 29. dxe6 Bxe6 30. Nxg7 Kxg7 31. Bxe4 Rxc4 32. Bd5 Bxd5 33. Qxd5
Rc5 34. Rb7+ Kh6 35. Qd3 Qc8 36. Re7 Qf5 37. Qxd6 Rd5 38. Rxh7+ Kxh7 39. Qxf8
Kg6 40. Bxf6 Qd3 41. Bd4 1-0

[Event "HWT 2010"]
[Site "?"]
[Date "2010.01.09"]
[Round "2"]
[White "Böttcher, Winfried"]
[Black "Glase, Johan"]
[Result "1/2-1/2"]
[ECO "D37"]
[WhiteElo "1298"]
[BlackElo "1003"]
[PlyCount "86"]
[EventDate "2010.??.??"]
[TimeControl "240+2"]

{159MB, Fritz11.ctg, DIDI} 1. d4 d5 2. Nf3 e6 3. e3 c5 4. c4 Nf6 5. Nc3 Nbd7 6.
cxd5 exd5 7. dxc5 Nxc5 8. Nd4 a6 9. Bd2 Be7 10. Rc1 O-O 11. f3 Re8 12. Be2 Qd6
13. O-O Nfd7 14. Nf5 Qe5 15. Nxe7+ Rxe7 16. f4 Qf5 17. g4 Qe6 18. Bf3 Nb6 19.
Ne2 Nc4 20. Nd4 Qf6 21. Re1 Nd3 22. Bxd5 Nxe1 23. Bxc4 b5 24. Be2 Qg6 25. f5
Qf6 26. Qxe1 Bb7 27. Qg3 Rd8 28. Rc7 Bd5 29. Rxe7 Qxe7 30. a3 Bb7 31. Bc3 a5
32. Bxa5 Re8 33. Bxb5 Qxe3+ 34. Qxe3 Rxe3 35. Kf2 Re4 36. Bc3 Rxg4 37. Bf1 h5
38. h3 Rf4+ 39. Ke1 Bc8 40. Bd3 Kh7 41. Ke2 Rh4 42. Nb5 f6 43. Nd6 Bd7 1/2-1/2

[Event "HWT 2010"]
[Site "?"]
[Date "2010.01.09"]
[Round "2"]
[White "Burkert, Wolfgang"]
[Black "Fege, Julian"]
[Result "1-0"]
[ECO "B45"]
[WhiteElo "1315"]
[BlackElo "1103"]
[PlyCount "67"]
[EventDate "2010.??.??"]
[TimeControl "240+2"]

{159MB, Fritz11.ctg, DIDI} 1. e4 c5 2. Nf3 Nc6 3. d4 cxd4 4. Nxd4 Nf6 5. Nc3 a6
6. Bc4 e6 7. O-O Be7 8. Re1 O-O 9. e5 Ne8 10. a3 f6 11. Nxc6 bxc6 12. Qg4 f5
13. Qg3 Bh4 14. Qf3 Bb7 15. g3 Bg5 16. Bf4 Bxf4 17. Qxf4 c5 18. Rad1 Qe7 19. h4
Nc7 20. Rd2 Rad8 21. Red1 Bc6 22. Bb3 Kh8 23. Na4 Rb8 24. Qe3 Rf7 25. Qxc5 Qxc5
26. Nxc5 Nd5 27. Nxa6 Rb6 28. Nc5 Rb5 29. Bxd5 Bxd5 30. c4 Rxc5 31. cxd5 Rxd5
32. Rxd5 exd5 33. Rxd5 h6 34. b4 1-0

[Event "HWT 2010"]
[Site "?"]
[Date "2010.01.09"]
[Round "2"]
[White "Campe, Ulrich"]
[Black "Dombrowski, Jan"]
[Result "1-0"]
[ECO "A00"]
[WhiteElo "1636"]
[BlackElo "1055"]
[PlyCount "51"]
[EventDate "2010.??.??"]
[TimeControl "240+2"]

{159MB, Fritz11.ctg, DIDI} 1. b4 d5 2. Bb2 Nf6 3. e3 Bf5 4. b5 Nbd7 5. c4 e5 6.
cxd5 Nxd5 7. Nf3 Bg4 8. Be2 Bd6 9. O-O O-O 10. Nc3 N7f6 11. Nxd5 Nxd5 12. Nxe5
Bxe2 13. Qxe2 Qf6 14. Nc4 Qh6 15. Nxd6 Qxd6 16. a4 Rad8 17. Ba3 c5 18. bxc6 Nb4
19. Qc4 a5 20. cxb7 Qxd2 21. Bxb4 axb4 22. Rfb1 Qc3 23. Qxb4 Qxb4 24. Rxb4 Rb8
25. a5 f6 26. a6 1-0

[Event "HWT 2010"]
[Site "Berlin"]
[Date "2010.01.09"]
[Round "2"]
[White "Gebigke, Martin"]
[Black "Küster, Manfred"]
[Result "1-0"]
[ECO "A58"]
[WhiteElo "2138"]
[BlackElo "1884"]
[PlyCount "41"]
[EventDate "2010.??.??"]
[TimeControl "40/7200:20/3600:1800"]

{462MB} 1. d4 Nf6 2. c4 c5 3. d5 b5 4. cxb5 a6 5. bxa6 Bxa6 6. Nc3 g6 7. f4 Bg7
8. Nf3 d6 9. e4 Bxf1 10. Rxf1 O-O 11. Qe2 e6 12. dxe6 fxe6 13. Ng5 Re8 14. e5
Nd5 15. Qf3 Nc6 16. Nxd5 Nd4 17. Qe4 dxe5 18. Nc3 exf4 19. Bxf4 e5 20. Be3 Nb3
21. Qc4+ 1-0

[Event "HWT 2010"]
[Site "?"]
[Date "2010.01.09"]
[Round "2"]
[White "Gehrke, Karsten"]
[Black "Holzmann, Arthur"]
[Result "1-0"]
[ECO "B03"]
[WhiteElo "1772"]
[BlackElo "1442"]
[PlyCount "49"]
[EventDate "2010.??.??"]
[TimeControl "240+2"]

{159MB, Fritz11.ctg, DIDI} 1. e4 Nf6 2. e5 Nd5 3. d4 d6 4. c4 Nb6 5. f4 g5 6.
fxg5 dxe5 7. c5 Nd5 8. Bc4 Bg7 9. dxe5 e6 10. Nf3 Nc6 11. O-O Nce7 12. Qe2 Ng6
13. Rd1 c6 14. Nc3 Qe7 15. Ne4 O-O 16. Nf6+ Bxf6 17. gxf6 Qxc5+ 18. Kf1 Ndf4
19. Bxf4 Nxf4 20. Qe4 Ng6 21. h4 h5 22. Be2 Kh7 23. Rac1 Qb6 24. Ng5+ Kh6 25.
Qf3 1-0

[Event "HWT 2010"]
[Site "Berlin"]
[Date "2010.01.09"]
[Round "2"]
[White "Giese, Guido"]
[Black "Jahnz, Fabian"]
[Result "1/2-1/2"]
[ECO "B23"]
[WhiteElo "1918"]
[BlackElo "2173"]
[PlyCount "125"]
[EventDate "2010.??.??"]
[TimeControl "40/7200:20/3600:1800"]

{462MB} 1. e4 c5 2. Nc3 Nc6 3. f4 e6 4. Nf3 d5 5. Bb5 Nf6 6.
Bxc6+ bxc6 7. e5 Nd7 8. O-O c4 9. b3 Nb6 10. Kh1 Bb4 11. bxc4 Nxc4 12. Na4 Be7
13. Nb2 Nxb2 14. Bxb2 Rb8 15. Bc3 Ba6 16. d3 c5 17. Rb1 Rxb1 18. Qxb1 O-O 19.
Qb2 Qb6 20. Rb1 Rb8 21. Qxb6 axb6 22. d4 Rb7 23. dxc5 bxc5 24. Rxb7 Bxb7 25.
Ba5 Kf8 26. Kg1 Ke8 27. Kf2 h6 28. Nd2 Ba6 29. a4 Kd7 30. g3 Kc6 31. Ke3 d4+
32. Ke4 Be2 33. c3 f5+ 34. exf6 Bxf6 35. cxd4 Bxd4 36. Nb1 Bd1 37. Nc3 Bc2+ 38.
Kf3 Kb7 39. Nb5 Bf6 40. Nd6+ Ka6 41. Bd2 Bxa4 42. f5 Bc6+ 43. Ke2 e5 44. Bc3
Bd7 45. g4 Bb5+ 46. Ke3 Kb6 47. Nf7 Kc6 48. Bxe5 Bxe5 49. Nxe5+ Kd5 50. Nf3 Ba4
51. h4 Bd1 52. Nh2 Ke5 53. Kd2 Ba4 54. Ke3 c4 55. Nf3+ Kf6 56. Ke4 Bd1 57. g5+
hxg5 58. hxg5+ Ke7 59. f6+ gxf6 60. gxf6+ Kxf6 61. Ne1 Be2 62. Kd4 Kf5 63. Nf3
1/2-1/2

[Event "HWT 2010"]
[Site "?"]
[Date "2010.01.09"]
[Round "2"]
[White "Grell, Steffen"]
[Black "Torzinski, Nils"]
[Result "0-1"]
[ECO "D60"]
[WhiteElo "1549"]
[BlackElo "1464"]
[PlyCount "64"]
[EventDate "2010.??.??"]
[TimeControl "240+2"]

{159MB, Fritz11.ctg, DIDI} 1. d4 d5 2. c4 e6 3. Nf3 Nd7 4. Nc3 Ngf6 5. Bg5 Be7
6. e3 O-O 7. h3 c6 8. cxd5 Nxd5 9. Bxe7 Qxe7 10. Bd3 Nxc3 11. bxc3 e5 12. Qc2
h6 13. O-O exd4 14. cxd4 Qf6 15. Rfe1 Nb6 16. Nd2 Nd5 17. Ne4 Qe7 18. a3 Bf5
19. Nc5 Bxd3 20. Nxd3 Rfc8 21. Qb3 Nf6 22. a4 Ne4 23. Qc2 c5 24. d5 Rd8 25. f3
Nf6 26. e4 Rac8 27. Qc4 Nd7 28. f4 Nb6 29. Qb5 c4 30. a5 cxd3 31. axb6 d2 32.
Re2 Rc1+ 0-1

[Event "HWT 2010"]
[Site "?"]
[Date "2010.01.09"]
[Round "2"]
[White "Greßmann, Moritz"]
[Black "Kasper, Mike"]
[Result "1-0"]
[ECO "B72"]
[WhiteElo "1491"]
[BlackElo "1774"]
[PlyCount "81"]
[EventDate "2010.??.??"]
[TimeControl "240+2"]

{159MB, Fritz11.ctg, DIDI} 1. e4 c5 2. Nf3 d6 3. d4 cxd4 4. Nxd4 Nf6 5. Nc3 a6
6. Be2 g6 7. Be3 Bg7 8. O-O O-O 9. Qd2 Ng4 10. Bxg4 Bxg4 11. h3 Bd7 12. Bh6 Nc6
13. Bxg7 Kxg7 14. Nd5 Rc8 15. f4 e6 16. Nxc6 bxc6 17. Ne3 d5 18. f5 exf5 19.
exf5 f6 20. Kh1 Qb6 21. b3 Rce8 22. Rae1 g5 23. Re2 Qc5 24. b4 Qd6 25. c4 d4
26. Rd1 Re4 27. Nc2 Rxe2 28. Qxe2 Re8 29. Qd3 Qf4 30. Rf1 Re3 31. Nxe3 Qxe3 32.
Qxe3 dxe3 33. Re1 Bxf5 34. Rxe3 Kf7 35. g4 Bb1 36. a4 Bc2 37. b5 axb5 38. axb5
cxb5 39. cxb5 Ba4 40. b6 h5 41. Kh2 1-0

[Event "HWT 2010"]
[Site "?"]
[Date "2010.01.09"]
[Round "2"]
[White "Hall, Oliver"]
[Black "Müller, Johannes"]
[Result "1-0"]
[ECO "B14"]
[WhiteElo "1586"]
[BlackElo "1807"]
[PlyCount "51"]
[EventDate "2010.??.??"]
[TimeControl "240+2"]

{159MB, Fritz11.ctg, DIDI} 1. e4 c6 2. d4 d5 3. exd5 cxd5 4. c4 Nf6 5. Nc3 e6
6. Nf3 a6 7. Bd3 dxc4 8. Bxc4 b5 9. Bb3 Bb7 10. O-O Be7 11. Bg5 O-O 12. Ne5
Nbd7 13. Re1 Nb6 14. Nxf7 Rxf7 15. Bxe6 Nbd5 16. Qb3 Kf8 17. Bxf6 Bxf6 18. Nxd5
Bxd4 19. Bxf7 Qg5 20. Qb4+ Kxf7 21. Qe7+ Kg6 22. Qxb7 Rf8 23. Re6+ Kh5 24. Rf1
Rxf2 25. Ne3 Rxb2 26. Qf3+ 1-0

[Event "HWT 2010"]
[Site "?"]
[Date "2010.01.09"]
[Round "2"]
[White "Heinrich, Dr. Manfred"]
[Black "Schröder, Gert"]
[Result "1-0"]
[ECO "E61"]
[WhiteElo "1012"]
[BlackElo "1176"]
[PlyCount "89"]
[EventDate "2010.??.??"]
[TimeControl "240+2"]

{159MB, Fritz11.ctg, DIDI} 1. d4 Nf6 2. c4 d6 3. Nc3 g6 4. Nf3 Bg7 5. d5 Nbd7
6. e4 c6 7. Qc2 Qc7 8. Bd3 O-O 9. h3 e5 10. dxe6 fxe6 11. O-O e5 12. b4 a6 13.
Be3 Nh5 14. c5 Nf4 15. Bxf4 Rxf4 16. Qb3+ Kh8 17. Ng5 Nf8 18. Bc4 h6 19. Nf7+
Kh7 20. Nxd6 Qe7 21. Ne2 Rf6 22. Rad1 Be6 23. Bxe6 Nxe6 24. Qg3 Rd8 25. h4 h5
26. Rd3 Nf4 27. Nxf4 exf4 28. Qh3 Rdf8 29. f3 Re6 30. a4 Be5 31. Nxb7 Rb8 32.
Nd6 Rxb4 33. Rfd1 Qf6 34. Kh2 Rxa4 35. R1d2 Ra5 36. Nb7 Ra4 37. Nd8 Rd4 38.
Nxe6 Rxd3 39. Rxd3 Bb2 40. Ng5+ Kh6 41. Rd7 Qxg5 42. hxg5+ Kxg5 43. Qe6 Bc3 44.
Kh3 Be1 45. Rd6 1-0

[Event "HWT 2010"]
[Site "?"]
[Date "2010.01.09"]
[Round "2"]
[White "Hoppensack, Manfred"]
[Black "Ostwald, Tobias"]
[Result "1-0"]
[ECO "B33"]
[WhiteElo "1952"]
[BlackElo "1606"]
[PlyCount "163"]
[EventDate "2010.??.??"]
[TimeControl "240+2"]

{159MB, Fritz11.ctg, DIDI} 1. e4 c5 2. Nf3 Nc6 3. d4 cxd4 4. Nxd4 e5 5. Nb5 d6
6. N1c3 a6 7. Na3 b5 8. Nd5 Nf6 9. Bg5 Be7 10. Bxf6 Bxf6 11. c4 b4 12. Nc2 a5
13. Be2 O-O 14. O-O Bg5 15. Bg4 Be6 16. b3 Ne7 17. Nde3 g6 18. Bxe6 fxe6 19.
Qg4 Nc6 20. Qxe6+ Kg7 21. Rad1 Rf6 22. Qd5 Ne7 23. Qd3 Qb6 24. Kh1 a4 25. f3 h5
26. Ra1 Rff8 27. Rfd1 Rfd8 28. Rdb1 Qc5 29. Nd1 Nc6 30. Nb2 a3 31. Nd1 Ra7 32.
Nde3 Bxe3 33. Nxe3 Ne7 34. Re1 Ra5 35. Nc2 Nc6 36. Rad1 Ra7 37. Qe3 Qxe3 38.
Rxe3 Kf7 39. Red3 Ke7 40. Rd5 Rb7 41. Rb5 Rdb8 42. Rdd5 Ke6 43. Kg1 Na7 44.
Rxb7 Rxb7 45. Kf2 g5 46. Ne3 Nc6 47. Nf5 Rd7 48. Ke3 h4 49. Rb5 Rd8 50. Rb6 Kd7
51. Kd3 Rb8 52. Rxb8 Nxb8 53. g3 hxg3 54. hxg3 Ke6 55. Ne3 Na6 56. Nd5 Nc5+ 57.
Kc2 Na6 58. Nb6 Nc5 59. Na4 g4 60. Nxc5+ dxc5 61. fxg4 Kf6 62. Kd3 Kg5 63. Ke3
Kxg4 64. Kf2 Kh5 65. Kf3 Kg5 66. Kg2 Kh5 67. Kh3 Kg5 68. g4 Kf4 69. Kh4 Kxe4
70. Kh5 Kf4 71. g5 e4 72. g6 e3 73. g7 e2 74. g8=Q e1=Q 75. Qf7+ Kg3 76. Qc7+
Kh3 77. Qxc5 Qe2+ 78. Kg6 Qg4+ 79. Kf6 Qh4+ 80. Qg5 Qf2+ 81. Qf5+ Qxf5+ 82.
Kxf5 1-0

[Event "HWT 2010"]
[Site "Berlin"]
[Date "2010.01.09"]
[Round "2"]
[White "Kohtz, Andreas"]
[Black "Kohlmeyer, Dagobert"]
[Result "1-0"]
[ECO "D02"]
[WhiteElo "2001"]
[BlackElo "1740"]
[PlyCount "95"]
[EventDate "2010.??.??"]
[TimeControl "40/7200:20/3600:1800"]

{462MB} 1. d4 Nf6 2. Nf3 g6 3. Bf4 d5 4. e3 Bg7 5. Bd3 O-O 6. Nbd2 Bg4 7. h3
Bxf3 8. Nxf3 c6 9. Qe2 Qa5+ 10. c3 Nbd7 11. O-O Rfe8 12. c4 dxc4 13. Bxc4 Nd5
14. Bg3 e5 15. dxe5 Nxe5 16. Nxe5 Bxe5 17. Bxe5 Rxe5 18. Rfd1 Rae8 19. Rd4 Re4
20. Rad1 Rxd4 21. Rxd4 Qc5 22. Qd2 Nf6 23. Rf4 Qe5 24. g4 Nd5 25. Bxd5 Qxd5 26.
Qxd5 cxd5 27. Rd4 Re5 28. Rd3 g5 29. f3 Kf8 30. Kf2 Ke7 31. f4 gxf4 32. exf4
Re4 33. Re3 Ke6 34. Rxe4+ dxe4 35. Ke3 Kd5 36. g5 a5 37. h4 b5 38. h5 a4 39. f5
Ke5 40. g6 fxg6 41. fxg6 hxg6 42. hxg6 Kf6 43. g7 Kxg7 44. Kxe4 Kf6 45. Kd5 a3
46. b3 Kf5 47. Kc5 Ke5 48. Kxb5 1-0

[Event "HWT 2010"]
[Site "?"]
[Date "2010.01.09"]
[Round "2"]
[White "Krawczyk, Roman"]
[Black "Kretzschmar, Jan"]
[Result "0-1"]
[ECO "B90"]
[WhiteElo "1350"]
[BlackElo "1666"]
[PlyCount "60"]
[EventDate "2010.??.??"]
[TimeControl "240+2"]

{159MB, Fritz11.ctg, DIDI} 1. e4 c5 2. Nf3 d6 3. d4 cxd4 4. Nxd4 Nf6 5. Nc3 a6
6. Be3 e5 7. Nde2 Be7 8. Qd2 Be6 9. f4 O-O 10. f5 Bd7 11. O-O-O Bc6 12. Ng3 Ng4
13. h4 Bxh4 14. Rxh4 Qxh4 15. Nge2 Nxe3 16. Qxe3 Rd8 17. g3 Qh6 18. Qxh6 gxh6
19. Bg2 a5 20. f6 Na6 21. Rh1 Nc7 22. Rxh6 Bd7 23. Ng1 d5 24. exd5 Bf5 25. Rh4
Bg6 26. Rc4 Ne8 27. Nf3 Nd6 28. Rg4 Re8 29. Rg5 e4 30. Ne5 h6 0-1

[Event "HWT 2010"]
[Site "?"]
[Date "2010.01.09"]
[Round "2"]
[White "Lang, Martin"]
[Black "Krawczyk, Harald"]
[Result "1-0"]
[ECO "C89"]
[WhiteElo "1804"]
[BlackElo "1533"]
[PlyCount "93"]
[EventDate "2010.??.??"]
[TimeControl "240+2"]

{159MB, Fritz11.ctg, DIDI} 1. e4 e5 2. Nf3 Nc6 3. Bb5 a6 4. Ba4 Nf6 5. O-O Be7
6. Re1 b5 7. Bb3 O-O 8. c3 d5 9. exd5 Nxd5 10. Nxe5 Nxe5 11. Rxe5 Nf6 12. Re1
Bd6 13. h3 c5 14. d4 c4 15. Bc2 Bb7 16. Nd2 h6 17. Nf3 Nh7 18. Bd2 Ra7 19. Be4
Bc8 20. Qc2 Nf6 21. Bf5 Bb7 22. Ne5 Bd5 23. Rad1 Qa8 24. f3 Re7 25. Bf4 Rfe8
26. Kf2 Qa7 27. Kf1 Qb7 28. Kf2 Qa7 29. Nc6 Bxc6 30. Bxd6 Rxe1 31. Rxe1 Rxe1
32. Kxe1 Qa8 33. Qe2 Qd8 34. Be7 Qd5 35. Bc8 Qg5 36. Kf2 Qh4+ 37. g3 Qg5 38. h4
Qg6 39. Bxf6 Qxf6 40. Bxa6 Bxf3 41. Qxf3 Qxa6 42. a3 Qg6 43. Qe2 Qf5+ 44. Ke3
Qb1 45. Kf4 Qh1 46. Qe8+ Kh7 47. Qe4+ 1-0

[Event "HWT 2010"]
[Site "?"]
[Date "2010.01.09"]
[Round "2"]
[White "Lischeid, Kilian"]
[Black "Eisfeld, Daniel"]
[Result "0-1"]
[ECO "C45"]
[WhiteElo "1168"]
[BlackElo "963"]
[PlyCount "78"]
[EventDate "2010.??.??"]
[TimeControl "240+2"]

{159MB, Fritz11.ctg, DIDI} 1. e4 e5 2. Nf3 Nc6 3. d4 exd4 4. Nxd4 Bc5 5. Nxc6
bxc6 6. Nc3 Bb4 7. Bc4 Nf6 8. Bg5 h6 9. Bh4 g5 10. Bg3 Nxe4 11. Qd4 Bxc3+ 12.
bxc3 Nf6 13. Be5 Qe7 14. O-O c5 15. Bxf6 cxd4 16. Bxe7 Kxe7 17. Rfe1+ Kf6 18.
cxd4 d6 19. Rab1 Bf5 20. Re2 Rhe8 21. Rbe1 Rxe2 22. Rxe2 Rb8 23. h3 Rb2 24. Bb3
c5 25. dxc5 dxc5 26. g4 Be6 27. Bxe6 fxe6 28. Re3 Rxa2 29. c4 a5 30. Kf1 a4 31.
Ke1 Rc2 32. f3 Rxc4 33. Kd2 Rb4 34. Kc2 c4 35. Kd2 Rb3 36. Rxb3 axb3 37. Kc3 e5
38. Kb2 e4 39. fxe4 Ke5 0-1

[Event "HWT 2010"]
[Site "Berlin"]
[Date "2010.01.09"]
[Round "2"]
[White "Dr. Maetzing, Hans-Dieter"]
[Black "Kropman, Alexei"]
[Result "0-1"]
[ECO "B23"]
[WhiteElo "1727"]
[BlackElo "1949"]
[PlyCount "58"]
[EventDate "2010.??.??"]
[TimeControl "40/7200:20/3600:1800"]

{462MB} 1. Nc3 e6 2. e4 d5 3. g3 Nf6 4. Bg2 c5 5. d3 Be7 6. Nge2 d4 7. Nb1 Nc6
8. O-O O-O 9. f4 Ne8 10. Nd2 Rb8 11. a4 a6 12. b3 b5 13. Kh1 Bb7 14. axb5 axb5
15. f5 exf5 16. Rxf5 Nd6 17. Rxc5 Qb6 18. Rd5 Nd8 19. Rxd4 Bf6 20. Rxd6 Qxd6
21. Ba3 b4 22. Nc4 Qe7 23. Bb2 Bxb2 24. Nxb2 f5 25. exf5 Rxf5 26. Nf4 Ne6 27.
Nxe6 Bxg2+ 28. Kxg2 Qxe6 29. Qd2 Qd5+ 0-1

[Event "HWT 2010"]
[Site "?"]
[Date "2010.01.09"]
[Round "2"]
[White "Melzer, Jürgen"]
[Black "Schmidt, Tobias"]
[Result "1-0"]
[ECO "B38"]
[WhiteElo "1843"]
[BlackElo "1554"]
[PlyCount "45"]
[EventDate "2010.??.??"]
[TimeControl "240+2"]

{159MB, Fritz11.ctg, DIDI} 1. e4 c5 2. Nf3 Nc6 3. d4 cxd4 4. Nxd4 g6 5. c4 Bg7
6. Be3 d6 7. Nc3 Nf6 8. Be2 O-O 9. O-O Bd7 10. h3 a6 11. Qd2 Qc7 12. Rac1 Rfc8
13. Nd5 Qd8 14. Nxc6 Rxc6 15. Nxf6+ Bxf6 16. f4 e6 17. e5 dxe5 18. Bf3 Qe7 19.
Bxc6 Bxc6 20. fxe5 Bxe5 21. Bg5 Qc5+ 22. Be3 Qe7 23. Bb6 1-0

[Event "HWT 2010"]
[Site "?"]
[Date "2010.01.09"]
[Round "2"]
[White "Möller, Dirk"]
[Black "Bischoff, Dietmar"]
[Result "1-0"]
[ECO "B01"]
[WhiteElo "1392"]
[BlackElo "1116"]
[PlyCount "67"]
[EventDate "2010.??.??"]
[TimeControl "240+2"]

{159MB, Fritz11.ctg, DIDI} 1. e4 d5 2. exd5 Nf6 3. d4 Nxd5 4. c4 Nb4 5. Nf3 Bf5
6. Na3 e6 7. Be2 N4c6 8. b3 Nd7 9. O-O Nf6 10. Bb2 Bb4 11. Nc2 Be7 12. Ne3 Be4
13. d5 exd5 14. cxd5 Bxd5 15. Nxd5 Nxd5 16. Bxg7 Rg8 17. Bh6 Qd6 18. Qd2 O-O-O
19. Rac1 f5 20. Be3 Qg6 21. g3 Nf6 22. Qc2 Bd6 23. Bd3 Ne4 24. Nh4 Qg5 25. Nxf5
Qxf5 26. Bxe4 Qd7 27. Bxc6 bxc6 28. Bxa7 Kb7 29. Be3 Ba3 30. Rcd1 Qh3 31. Qc3
Bd6 32. Bc5 Rg5 33. Qb4+ Kc8 34. Bxd6 1-0

[Event "HWT 2010"]
[Site "?"]
[Date "2010.01.09"]
[Round "2"]
[White "Peglow, Uwe-Karsten"]
[Black "Nguyen, Thuy Anh"]
[Result "1-0"]
[ECO "C54"]
[WhiteElo "1209"]
[BlackElo "879"]
[PlyCount "83"]
[EventDate "2010.??.??"]
[TimeControl "240+2"]

{159MB, Fritz11.ctg, DIDI} 1. e4 e5 2. Nf3 Nc6 3. Bc4 Bc5 4. O-O Nf6 5. d3 O-O
6. c3 d6 7. b4 Bb6 8. h3 h6 9. Re1 Re8 10. Be3 d5 11. exd5 Nxd5 12. Bxb6 Nxb6
13. Bb3 Be6 14. Bc2 Bf5 15. Nh4 Bh7 16. Nf3 e4 17. dxe4 Qxd1 18. Bxd1 Bxe4 19.
Bb3 Bxf3 20. Rxe8+ Rxe8 21. gxf3 Ne5 22. Nd2 Rd8 23. Rd1 Nxf3+ 24. Nxf3 Rxd1+
25. Bxd1 Nd5 26. Bb3 Nxc3 27. Ne5 g5 28. Nxf7 Kg7 29. Nd8 b6 30. Ne6+ Kf6 31.
Nxc7 h5 32. Nd5+ Nxd5 33. Bxd5 g4 34. h4 a5 35. bxa5 bxa5 36. Kg2 Kf5 37. Kg3
Kg6 38. Kf4 a4 39. a3 Kf6 40. Bc6 Kg7 41. Bxa4 Kf6 42. Be8 1-0

[Event "HWT 2010"]
[Site "Berlin"]
[Date "2010.01.09"]
[Round "2"]
[White "Pfeffer, Ruprecht"]
[Black "Nietsch, Horst"]
[Result "1-0"]
[ECO "B09"]
[WhiteElo "2172"]
[BlackElo "1910"]
[PlyCount "101"]
[EventDate "2010.??.??"]
[TimeControl "40/7200:20/3600:1800"]

{462MB} 1. e4 g6 2. d4 Bg7 3. Nc3 d6 4. f4 Nf6 5. Nf3 O-O 6. Bd3 c6 7. O-O b5
8. e5 Ne8 9. Be3 b4 10. Ne4 d5 11. Nc5 e6 12. Qd2 Qb6 13. a3 bxa3 14. Rxa3 Nd7
15. Rb3 Qc7 16. Nxd7 Qxd7 17. Ra1 Nc7 18. Qa5 a6 19. Qc5 Nb5 20. Bxb5 cxb5 21.
Rxb5 Bb7 22. Rb6 Rfb8 23. Qd6 Qc8 24. Qb4 Bf8 25. Qa4 Qc7 26. Rb3 Bc8 27. Rc3
Qb6 28. b3 Qb5 29. Rd3 Bd7 30. Qxb5 Bxb5 31. Rdd1 Rc8 32. Rdc1 Rc6 33. Bd2 Rac8
34. Ne1 Kg7 35. Kf2 Be7 36. Ra2 h6 37. Ke3 g5 38. g3 gxf4+ 39. gxf4 f6 40. Nd3
Bxd3 41. Kxd3 f5 42. Rca1 Kf7 43. Rg1 Bf8 44. b4 Rb6 45. c3 Be7 46. Be1 Ra8 47.
Rag2 Bf8 48. Bh4 a5 49. bxa5 Rba6 50. Rg6 Rc6 51. Rf6+ 1-0

[Event "HWT 2010"]
[Site "Berlin"]
[Date "2010.01.09"]
[Round "2"]
[White "Reichenbach, Werner"]
[Black "Costello, Colin"]
[Result "1-0"]
[ECO "D35"]
[WhiteElo "2188"]
[BlackElo "1917"]
[PlyCount "115"]
[EventDate "2010.??.??"]
[TimeControl "240+2"]

{462MB} 1. d4 d5 2. c4 e6 3. Nc3 Nf6 4. cxd5 exd5 5. Bf4 Bd6 6. Bxd6 Qxd6 7. e3
O-O 8. Bd3 c6 9. h3 Nbd7 10. Nge2 Re8 11. Qc2 b5 12. Ng3 Nb6 13. b3 a5 14. O-O
Bd7 15. Nce2 a4 16. Rac1 axb3 17. axb3 Ra3 18. Bf5 Rc8 19. Nf4 Qb4 20. Bxd7
Nbxd7 21. Rb1 g6 22. Rfc1 Qe7 23. Qb2 Qd6 24. Rc2 Rca8 25. Rbc1 R8a6 26. Nd3 h5
27. Ne2 Ne4 28. f3 Ng3 29. Nxg3 Qxg3 30. Rxc6 Ra2 31. Rxa6 Rxb2 32. Nxb2 Qg5
33. Re1 Qf5 34. Rc6 h4 35. Rd1 Nf6 36. Nd3 Nh5 37. Ne5 Ng3 38. Rc7 Qg5 39. Re1
Nf5 40. Ng4 Ng3 41. f4 Qd8 42. Rc2 Qa5 43. Rb1 Kg7 44. Kh2 b4 45. Rbc1 Ne4 46.
Rc7 Nc3 47. Rd7 Qa3 48. Rf1 Qxb3 49. Ne5 Qc2 50. f5 gxf5 51. Rxf7+ Kg8 52.
R1xf5 b3 53. Rf8+ Kg7 54. R5f7+ Kh6 55. Rh8+ Kg5 56. Rg8+ Kh5 57. Rfg7 b2 58.
Rh8+ 1-0

[Event "HWT 2010"]
[Site "?"]
[Date "2010.01.09"]
[Round "2"]
[White "Sander, Dirk"]
[Black "Pöltelt, Dr.  Helmut"]
[Result "1-0"]
[ECO "D66"]
[WhiteElo "1783"]
[BlackElo "1504"]
[PlyCount "51"]
[EventDate "2010.??.??"]
[TimeControl "240+2"]

{159MB, Fritz11.ctg, DIDI} 1. Nf3 Nf6 2. d4 e6 3. c4 d5 4. Nc3 c6 5. Bg5 Be7 6.
e3 Nbd7 7. Rc1 h6 8. Bh4 O-O 9. Bd3 dxc4 10. Bxc4 b5 11. Bd3 a6 12. O-O c5 13.
Ne4 cxd4 14. Nxd4 Ne5 15. Nxf6+ Bxf6 16. Be4 Rb8 17. Bg3 Rb6 18. b3 Bb7 19. Bb1
Qd5 20. f3 Nc6 21. Be4 Qd7 22. Nxc6 Bxc6 23. Bxc6 Qxd1 24. Rfxd1 Bb2 25. Rc2
Rc8 26. Be4 1-0